AoeStats
← Ux'Combita

African Clearing

512824029Analyzed
4v4 RM · 7d ago on Oct 11, 2026· 41m 59s· 8 players
Game mode
Random Map
Map size
Large (8 player)
Population
200
Speed
Normal
Resources
Standard
Victory
Conquest
Starting age
Dark Age
Ending age
Imperial Age
RankedLock teamsTeams togetherTeam positionsShared explorationLock speedFull tech treeHidden civsTurbo modeCheats
Victory
Defeat
🇨🇳 Bengalis · China
1665
+16
🇺🇸 Vikings · United States
1653
+16
🇺🇸 Khitans · United States
1633
+17
🇧🇴 Britons · Bolivia
1599
+18
vs
🇲🇽 Koreans · Mexico
1716
-19
🇲🇽 Goths · Mexico
1678
-18
🇲🇽 Franks · Mexico
1610
-15
🇲🇽 Inca · Mexico
1608
-15
LuKito
4:36 Loom
12:46 Feudal Age
13:49 Town Watch
15:59 Forging
22:10 Castle Age
21:10 Double-Bit Axe
27:53 Bow Saw
28:15 Squires
28:52 Scale Mail Armor
29:02 Domestication
30:13 Wheelbarrow
31:15 Pastoralism
31:40 Chain Mail Armor
33:25 Squires
36:15 Arson
38:00 Hand Cart
37:58 Scale Barding Armor
40:31 Imperial Age
41:36 Iron Casting
41:21 Chain Barding Armor
41:18 Husbandry
41:11 Elite Steppe Lancer
42:23 Plate Mail Armor
嗚
14:27 Feudal Age
14:19 Loom
15:02 Double-Bit Axe
18:19 Castle Age
16:25 Fishing Lines
18:11 Scale Barding Armor
19:56 Bow Saw
20:24 Horse Collar
22:50 Gillnets
23:59 Gold Mining
25:28 Gold Shaft Mining
25:37 Forging
26:56 Chain Barding Armor
28:14 Stone Mining
30:23 Scale Mail Armor
34:06 Imperial Age
32:03 Chain Mail Armor
32:46 Squires
33:23 Iron Casting
34:07 Heavy Plow
35:12 Conscription
35:24 Plate Mail Armor
36:28 Blast Furnace
36:04 Elite Berserk
38:10 Fletching
38:47 Ballistics
40:01 Cavalier
[ECU] Pendeck's
10:21 Loom
12:38 Feudal Age
13:42 Double-Bit Axe
16:33 Fletching
21:34 Castle Age
19:50 Padded Archer Armor
20:35 Gold Mining
21:58 Town Watch
21:54 Crossbowman
22:32 Bodkin Arrow
25:41 Horse Collar
28:44 Stone Mining
30:19 Ballistics
30:36 Leather Archer Armor
31:52 Man-at-Arms
32:17 Gambesons
32:33 Scale Mail Armor
32:55 Long Swordsman
34:43 Chain Mail Armor
38:32 Bow Saw
38:23 Heavy Plow
41:07 Wheelbarrow
aunclelikegod02
12:40 Feudal Age
14:05 Loom
16:45 Castle Age
14:33 Double-Bit Axe
17:07 Gold Mining
18:11 Bow Saw
20:03 Sanctity
19:54 Fervor
21:50 Redemption
Tiburoncin UAA
13:10 Feudal Age
17:19 Castle Age
15:15 Double-Bit Axe
15:10 Horse Collar
15:51 Gold Mining
16:38 Loom
17:29 Wheelbarrow
18:28 Bow Saw
18:25 Loom
25:24 Hand Cart
31:46 Scale Mail Armor
31:56 Forging
31:29 Elite Skirmisher
32:39 Forging
35:55 Imperial Age
34:17 Fletching
34:27 Padded Archer Armor
35:42 Town Watch
37:51 Chemistry
37:12 Town Patrol
37:30 Bodkin Arrow
37:50 Leather Archer Armor
37:57 Ballistics
38:55 Iron Casting
39:57 Bracer
40:27 Ring Archer Armor
Ux'Combita
12:42 Feudal Age
16:52 Castle Age
37:30 Double-Bit Axe
Ux'Uzzi
10:46 Loom
13:48 Feudal Age
17:30 Castle Age
16:14 Double-Bit Axe
18:37 Bow Saw
22:00 Fletching
32:05 Devotion
40:33 Horse Collar
Ux´Combito
10:21 Loom
13:24 Feudal Age
14:22 Double-Bit Axe
17:05 Castle Age
17:57 Bow Saw
18:12 Horse Collar
21:37 Wheelbarrow
22:40 Town Watch
25:07 Hand Cart
25:19 Fletching
31:47 Imperial Age
29:37 Scale Mail Armor
31:01 Chain Mail Armor
31:48 Gold Mining
32:05 Heavy Plow
32:23 Anarchy
33:03 Conscription
32:55 Forging
34:39 Conscription
33:45 Elite Huskarl
35:16 Squires
36:22 Man-at-Arms
37:48 Iron Casting
37:08 Long Swordsman
38:28 Coinage
38:29 Town Patrol
38:00 Two-Handed Swordsman
39:50 Blast Furnace
39:02 Stone Mining
39:00 Champion
40:51 Crop Rotation
41:21 Two-Man Saw
Connection lost

Rejoining the realm…

Still unreachable

The connection could not be restored.

Session expired

The server has moved on; the page needs a fresh start.